 Dungeon Sprint DCSS version 0.30.1-9-gdf580d7c3d (webtiles) character file.

Game seed: 11780451714438803433

157 Heoruswealwe the Spear-Bearer (level 5, -19/52 HPs)
             Began as a Minotaur Fighter on Oct 13, 2023.
             Was an Initiate of Gozag.
             Demolished by a two-headed ogre
             ... wielding a +0 giant club
              (22 damage)
             ... in the Dungeon (Sprint IX: "|||||||||||||||||||||||||||||").
             The game lasted 00:02:51 (182 turns).

Heoruswealwe the Spear-Bearer (Minotaur Fighter)     Turns: 182, Time: 00:02:52

Health: -19/52     AC: 21    Str: 23    XL:     5   Next: 15%
Magic:  4/4        EV:  8    Int:  5    God:    Gozag
Gold:   0          SH:  0    Dex:  9    Spells: 4/4 levels left

rFire   . . .        b - +2 halberd (protect)
rCold   . . .        (shield currently unavailable)
rNeg    . . .        c - +1 chain mail
rPois   .            (helmet restricted)
rElec   .            (no cloak)
rCorr   .            (no gloves)
SInv    .            e - +0 pair of boots
Will    .....        (no amulet) Stlth
                     k - +2 ring of protection
HPRegen 0.28/turn    (no ring)
MPRegen 0.09/turn

%: no teleportation
@: under a protective aura
A: horns 2, retaliatory headbutt
a: Renounce Religion, Potion Petition, Call Merchant, Bribe Branch


You were in the Dungeon.
You worshipped Gozag.
Gozag was noncommittal.
You visited 1 branch

Inventory:

Hand Weapons
 a - a +0 trident
 b - a +2 halberd of protection (weapon)
Armour
 c - a +1 chain mail (worn)
 d - a +0 buckler
 e - a +0 pair of boots (worn)
Jewellery
 k - a +2 ring of protection (left hand)
Wands
 h - a wand of acid (10)
Scrolls
 j - 2 scrolls of blinking
Potions
 g - a potion of haste
 i - a potion of berserk rage
 l - 4 potions of curing
 m - a potion of might


   Skills:
 + Level 7.2 Fighting
 * Level 9.2 Polearms
 + Level 7.2 Armour
 - Level 3.6 Shields


You had 4 spell levels left.
You didn't know any spells.
Your spell library was empty.

Dungeon Overview and Level Annotations

Branches:
Dungeon (1/1)

Altars:
Cheibriados
Dithmenos
Elyvilon
Fedhas
Gozag
Hepliaklqana
Kikubaaqudgha
Makhleb
Nemelex Xobeh
Okawaru
Qazlal
Ru
Sif Muna
Trog
Uskayaw
Vehumet
Wu Jian
Xom
Yredelemnul
Zin
The Shining One
Jiyva
Lugonu


Innate Abilities, Weirdness & Mutations

You have a pair of horns on your head.
You reflexively headbutt those who attack you in melee.


Message History

m - a +2 ring of protection Adjust (i)tems, (s)pells, or (a)bilities?
m - a +2 ring of protection Adjust to which letter? (? for menu, Esc to quit)
k - a +2 ring of protection;
m - a potion of might
k - a +2 ring of protection (left hand)
You start resting.
HP restored.
You open the door.
A gnoll sergeant, a gargoyle, a yak, a wraith and 2 two-headed ogres come into view.
The yak bellows!
The two-headed ogre shouts in stereo! x2
You closely miss the two-headed ogre.
The two-headed ogre hits you with a +0 giant club!!
The two-headed ogre hits you with a +0 giant spiked club!
You feel much better.
You hit the two-headed ogre but do no damage.
Your weapon exudes an aura of protection.
The two-headed ogre hits you with a +0 giant club!
The two-headed ogre hits you with a +0 giant spiked club!
* * * LOW HITPOINT WARNING * * *
You feel much better.
The two-headed ogre hits you with a +0 giant club!
The two-headed ogre hits you but does no damage.
You feel much better.
The two-headed ogre hits you with a +0 giant club!
The two-headed ogre hits you with a +0 giant spiked club!
* * * LOW HITPOINT WARNING * * *
You impale the two-headed ogre!!
The two-headed ogre is heavily wounded.
You impale the two-headed ogre!! You headbutt the two-headed ogre.
The two-headed ogre is almost dead.
The two-headed ogre hits you with a +0 giant club!
* * * LOW HITPOINT WARNING * * *
The two-headed ogre closely misses you.
You barely miss the two-headed ogre.
Your headbutt misses the two-headed ogre.
The two-headed ogre is almost dead.
The two-headed ogre hits you with a +0 giant club!!
You die...
Your body crumbles into a pile of gold. $$$$$ $ $ $ $$$$$ $$$$$$ $ $$ ▓▓▓▓▓▓▓▓▓▓▓▓▓▓▓▓▓▓▓▓▓▓▓▓ .g9YOWO@..[[=)?!'_______ ▓▓▓▓▓▓▓▓▓▓▓▓▓▓▓▓▓▓▓▓▓▓▓▓

You could see 2 two-headed ogres, a yak, a wraith, a gargoyle and a gnoll sergeant.

Vanquished Creatures
  A black bear (D)
  A jelly (D)
  An orc wizard (D)
  A white imp (D)
  An orc (D)
  A bat (D)
  A goblin (D)
  A jackal (D)
  A frilled lizard (D)
  A kobold (D)
10 creatures vanquished.

Notes
Turn   | Place    | Note
-------+----------+-------------------------------------------
     0 | D        | Heoruswealwe the Minotaur Fighter began the quest for the
                  | Orb.
     0 | D        | Reached XP level 1. HP: 19/19 MP: 0/0
    21 | D        | Reached skill level 3 in Polearms
    38 | D        | Noticed a black bear
    38 | D        | Noticed an orc wizard
    38 | D        | Noticed a jelly
    41 | D        | Killed a jelly
    42 | D        | Reached skill level 5 in Fighting
    42 | D        | Reached skill level 5 in Polearms
    42 | D        | Reached skill level 5 in Armour
    42 | D        | Reached XP level 2. HP: 22/29 MP: 1/1
    42 | D        | Reached XP level 3. HP: 28/36 MP: 2/2
    43 | D        | Reached skill level 6 in Polearms
    63 | D        | Reached skill level 7 in Polearms
    64 | D        | Reached XP level 4. HP: 24/44 MP: 3/3
    70 | D        | Killed a black bear
    71 | D        | Reached skill level 9 in Polearms
    71 | D        | Reached XP level 5. HP: 23/52 MP: 4/4
    92 | D        | Found a snail-covered altar of Cheibriados.
    92 | D        | Found a shadowy altar of Dithmenos.
    92 | D        | Found a white marble altar of Elyvilon.
    92 | D        | Found a blossoming altar of Fedhas.
    92 | D        | Found an opulent altar of Gozag.
    93 | D        | Found a hazy altar of Hepliaklqana.
    94 | D        | Found a viscous altar of Jiyva.
    95 | D        | Found an ancient bone altar of Kikubaaqudgha.
    96 | D        | Found a corrupted altar of Lugonu.
    97 | D        | Found a burning altar of Makhleb.
    98 | D        | Found a sparkling altar of Nemelex Xobeh.
    99 | D        | Found an iron altar of Okawaru.
   100 | D        | Became a worshipper of Gozag Ym Sagoz the Greedy
   101 | D        | Found a stormy altar of Qazlal.
   102 | D        | Found a sacrificial altar of Ru.
   103 | D        | Found a shimmering blue altar of Sif Muna.
   104 | D        | Found a bloodstained altar of Trog.
   105 | D        | Found a hide-covered altar of Uskayaw.
   106 | D        | Found a radiant altar of Vehumet.
   107 | D        | Found an ornate altar of the Wu Jian Council.
   108 | D        | Found a shimmering altar of Xom.
   109 | D        | Found a basalt altar of Yredelemnul.
   110 | D        | Found a glowing silver altar of Zin.
   111 | D        | Found a glowing golden altar of the Shining One.
   174 | D        | Noticed a gargoyle
   174 | D        | Noticed a yak
   174 | D        | Noticed a two-headed ogre
   174 | D        | Noticed a wraith
   174 | D        | Noticed a two-headed ogre
   182 | D        | Demolished by a two-headed ogre

Illustrated notes

Levels and vault maps discovered:
D:        linesprint [early_d, line_temple, items_1, d_10, items_2, lair_1,
          lair_end, items_3, orc_1, orc_end, items_4, d_15, swamp_1, shoals_1,
          snake_1, spider_1, d_20, vaults_1, items_5, swamp_end, shoals_end,
          snake_end, spider_end, vaults_end, d_27, items_6, zot_1, zot_end,
          crypt_end, forest_end, elf_end, slime_end, tomb_end, abyss_end,
          pan_hell_end]

Skill      XL: |  1  2  3  4 |
---------------+-------------+-----
Polearms       | 5 7 9 |  9.2
Fighting       | 5 7 |  7.2
Armour         | 5 7 |  7.2
Shields        | |  3.6

Action                     |  1- 3 |  4- 6 || total
---------------------------+-------+-------++-------
  Melee: Trident           |    40 |     7 ||    47
         Headbutt          |     6 |     4 ||    10
         Halberd           |       |     5 ||     5
    Use: Potion            |     1 |     3 ||     4
 Armour: Scale mail        |    18 |     3 ||    21
         Chain mail        |       |     1 ||     1
  Dodge: Dodged            |     7 |     4 ||    11
  Block: Buckler           |     8 |     6 ||    14
